 Dungeon Crawl Stone Soup version 0.27-a0-1301-g128193abf8 (webtiles) character file.

Game seed: 922724557400740706

77 mordus the Chopper (level 4, -4/39 HPs)
             Began as a Minotaur Monk on June 17, 2021.
             Slain by a gnoll (6 damage)
             ... on level 2 of the Dungeon.
             The game lasted 00:01:05 (1686 turns).

mordus the Chopper (Minotaur Monk)                  Turns: 1686, Time: 00:01:06

Health: -4/39      AC:  2    Str: 17    XL:     4   Next: 14%
Magic:  3/3        EV: 12    Int:  7    God:
Gold:   54         SH:  0    Dex: 12    Spells: 3/3 levels left

rFire    . . .     SeeInvis .   a - +0 hand axe
rCold    . . .     Faith    .   (no shield)
rNeg     . . .     Spirit   .   b - +0 robe
rPois    .         Reflect  .   (helmet restricted)
rElec    .         Harm     .   (no cloak)
rCorr    .         Rampage  .   (no gloves)
Will     .....                  (no boots)
Stlth    ++........             (no amulet)
HPRegen  0.13/turn              (no ring)
MPRegen  0.08/turn              (no ring)

@: no status effects
A: horns 2, retaliatory headbutt
a: no special abilities


You were on level 2 of the Dungeon.
You visited 1 branch of the dungeon, and saw 2 of its levels.

You collected 54 gold pieces.

Inventory:

Hand Weapons
 a - a +0 hand axe (weapon)
Armour
 b - a +0 robe (worn)
 f - a +0 chain mail
Jewellery
 e - an amulet of reflection
Scrolls
 d - a scroll of identify {unknown}
Potions
 c - a potion of brilliance {unknown}
 g - a potion of heal wounds {unknown}
 h - a potion of curing {unknown}


   Skills:
 - Level 3.6 Fighting
 * Level 5.4 Axes
 + Level 2.4 Armour
 - Level 3.2 Dodging
 - Level 1.5 Stealth


You had 3 spell levels left.
You didn't know any spells.
Your spell library was empty.

Dungeon Overview and Level Annotations

Branches:
Dungeon (2/15)

Altars:
Dithmenos


Innate Abilities, Weirdness & Mutations

You have a pair of horns on your head.
You reflexively headbutt those who attack you in melee.


Message History

The gnoll is moderately wounded.
The gnoll closely misses you. You furiously retaliate!
You headbutt the gnoll, but do no damage.
You hit the gnoll. You headbutt the gnoll.
You kill the gnoll!
The gnoll hits you with a +0 club. The gnoll misses you.
You see here a +0 whip.
You barely miss the gnoll. You hit the gnoll but do no damage.
The gnoll hits you with a +0 club. The gnoll barely misses you.
You furiously retaliate!
You headbutt the gnoll. You hit the gnoll but do no damage.
The gnoll is lightly wounded.
You hit the gnoll. The gnoll hits you with a +0 club.
The gnoll completely misses you. You furiously retaliate!
You headbutt the gnoll. You hit the gnoll but do no damage.
Your headbutt misses the gnoll.
The gnoll is lightly wounded.
You hit the gnoll but do no damage. The gnoll closely misses you.
You furiously retaliate!
You headbutt the gnoll. The gnoll hits you with a +0 club!
You hit the gnoll. You headbutt the gnoll!
You kill the gnoll!
You hit the gnoll. The gnoll hits you with a +0 club.
You have reached level 4!
You feel stronger.
You slash the gnoll! Your headbutt misses the gnoll.
The gnoll is almost dead.
The gnoll hits you with a +0 club.
You hit the gnoll but do no damage.
The gnoll is almost dead.
The gnoll hits you with a +0 club.
* * * LOW HITPOINT WARNING * * *
You barely miss the gnoll.
The gnoll is almost dead.
The gnoll hits you with a +0 club!
* * * LOW HITPOINT WARNING * * *
You completely miss the gnoll.
The gnoll is almost dead.
The gnoll hits you with a +0 club.
You die...

#........# ##...###.#..###.
#..#####.# ##..# #.#..# #.
#..# #.# #..###.#..# #.
#..#####.# #.........# #.
#.....##.# #+####.##.###.
#.###.##.## #...###.##..##.
#<#.......# #.....##.###.##.
#.........##g......#.# #..#.
###....##.#@.........###....
..........'.).......+.รท.....
###....##.#..........###....
#.#.###.##....... ##... #.#.#
#.# #.....# ##.. #.#.# #.#
#...## #... ..# #+## #... ###
#.#. #.#.


You could see a gnoll.

Vanquished Creatures
  2 gnolls (D:2)
  3 adders (D:2)
  A dart slug (D:1)
  4 endoplasms
  3 giant cockroaches (D:1)
  A goblin (D:1)
  3 hobgoblins
  3 kobolds (D:1)
  5 ball pythons
  A bat (D:2)
  A frilled lizard (D:1)
  3 rats
30 creatures vanquished.

Notes
Turn   | Place    | Note
-------+----------+-------------------------------------------
     0 | D:1      | mordus the Minotaur Monk began the quest for the Orb.
     0 | D:1      | Reached XP level 1. HP: 19/19 MP: 0/0
   208 | D:1      | Reached skill level 4 in Axes
   362 | D:1      | Found a faded altar of an unknown god.
   508 | D:1      | Reached skill level 1 in Armour
   508 | D:1      | Reached XP level 2. HP: 24/26 MP: 1/1
  1263 | D:2      | Reached XP level 3. HP: 27/31 MP: 2/2
  1265 | D:2      | Found a shadowy altar of Dithmenos.
  1368 | D:2      | Reached skill level 5 in Axes
  1683 | D:2      | Reached XP level 4. HP: 20/39 MP: 3/3
  1686 | D:2      | Slain by a gnoll

Illustrated notes

Levels and vault maps discovered:
D:1:      lemuel_arrival_muddy, layout_basic,
          hellmonk_ecumenical_altar_prayer_group,
          corexii_item_surrounded_by_moat, roderic_serpentine_path
D:2:      layout_loops_corners, basic_altar

Skill      XL: |  1  2  3 |
---------------+----------+-----
Axes           | 4 5 |  5.4
Armour         | 1 2 |  2.4
Fighting       | |  3.6
Dodging        | |  3.2
Stealth        | |  1.5

Action                   |  1- 3 |  4- 6 || total
-------------------------+-------+-------++-------
Melee: Hand axe          |    78 |     4 ||    82
       Headbutt          |    11 |       ||    11
 Stab: Sleeping          |     2 |       ||     2
Armor: Robe              |    13 |       ||    13
Dodge: Dodged            |    51 |       ||    51

Table legend: (Time is in decaauts)
 A = Elapsed time spent in this place.
 B = Non-inter-level travel time spent in this place.
 C = Inter-level travel time spent in this place.
 D = Time resting spent in this place.
 E = Time spent auto-exploring this place.
 F = Levels seen in this place.
 G = Mean time per level.
                   A        B        C        D        E       F      G
               +--------+--------+--------+--------+--------+-----+--------+
         Total |   1695 |   1657 |     38 |    343 |   1102 |   2 |  847.5 |
       Dungeon |   1695 |   1657 |     38 |    343 |   1102 |   2 |  847.5 |
               +--------+--------+--------+--------+--------+-----+--------+

Top non-repeatable levels by time:
     D:1: 1170 daAuts
     D:2: 524 daAuts
